 Dungeon Crawl Stone Soup version 0.29.1-12-g30fa7ad0bf (webtiles) character file.

Game seed: 12524676890505259428

203 xzight the Grasshopper (level 5, -2/43 HPs)
             Began as a Gnoll Warper on Dec 29, 2022.
             Killed from afar by Ijyb (7 damage)
             ... with a puff of flame
             ... on level 4 of the Dungeon.
             The game lasted 00:06:58 (3632 turns).

xzight the Grasshopper (Gnoll Warper)               Turns: 3632, Time: 00:06:58

Health: -2/43      AC:  6    Str: 15 (16) XL:     5   Next: 81%
Magic:  12/12      EV: 12    Int: 13 (14) God:
Gold:   245        SH:  0    Dex: 11 (12) Spells: 12/14 levels left

rFire   . . .      SeeInvis .   p - +0 war axe
rCold   . . .      Faith    .   (no shield)
rNeg    . . .      Spirit   .   m - +0 ring mail
rPois   .          Reflect  .   (no helmet)
rElec   .          Harm     .   (no cloak)
rCorr   .          Rampage  .   q - +0 pair of gloves
Will    +....                   (no boots)
Stlth   +.........              (no amulet)
HPRegen 0.14/turn               W - ring of willpower
MPRegen 0.13/turn               S - +6 ring of strength

@: no status effects
A: fangs 1, strong nose, distributed training
a: no special abilities


You were on level 4 of the Dungeon.
You visited 1 branch of the dungeon, and saw 4 of its levels.

You collected 245 gold pieces.


Innate Abilities, Weirdness & Mutations

You have very sharp teeth.
Your uncanny sense of smell can sniff out nearby items.
Your experience applies equally to all skills.


   Skills:
 + Level 4.9 Fighting
 + Level 1.7 Short Blades
 + Level 1.7 Long Blades
 + Level 1.7 Axes
 + Level 1.7 Maces & Flails
 + Level 4.9 Polearms
 + Level 1.7 Staves
 + Level 1.7 Ranged Weapons
 + Level 3.1 Throwing
 + Level 3.1 Armour
 + Level 4.9 Dodging
 + Level 1.7 Stealth
 + Level 1.7 Shields
 + Level 1.7 Unarmed Combat
 + Level 5.2 Spellcasting
 + Level 1.3 Conjurations
 + Level 1.3 Hexes
 + Level 1.3 Summonings
 + Level 1.3 Necromancy
 + Level 5.6 Translocations
 + Level 1.3 Transmutations
 + Level 1.3 Fire Magic
 + Level 1.3 Ice Magic
 + Level 1.3 Air Magic
 + Level 1.3 Earth Magic
 + Level 1.3 Poison Magic
 + Level 1.9 Invocations
 + Level 1.7 Evocations


You had 12 spell levels left.
You knew the following spells:

 Your Spells              Type           Power      Damage    Failure   Level
a - Blink                 Tloc           36%        N/A       5%          2

Your spell library contained the following spells:

 Spells                   Type           Power      Damage    Failure   Level
 Gell's Gravitas          Tloc           18%        N/A       11%         3
 Lesser Beckoning         Tloc           18%        N/A       11%         3
 Teleport Other           Tloc           18%        N/A       11%         3
 Searing Ray              Conj           12%        2d4       30%         2
 Manifold Assault         Tloc           18%        N/A       67%         5
 Leda's Liquefaction      Hex/Erth       3%         N/A       89%         4
 Fireball                 Conj/Fire      3%         3d4       99%         5
 Shatter                  Erth           3%         3d7*      100%        9

Inventory:

Hand Weapons
 p - a +0 war axe (weapon)
Missiles
 d - 7 boomerangs of dispersal (quivered) {=f}
Armour
 m - a +0 ring mail (worn)
 q - a +0 pair of gloves (worn)
Jewellery
 C - a ring of protection from cold
 D - a +6 ring of dexterity
 M - a ring of magical power
 S - a +6 ring of strength (right hand)
 W - a ring of willpower (left hand)
Scrolls
 b - a scroll of fear {unknown}
 c - a scroll of blinking
 e - a scroll of noise {unknown}
 h - 2 scrolls of teleportation {unknown}
 j - 3 scrolls of brand weapon {unknown}
 k - 2 scrolls of acquirement {unknown}
 n - a scroll of identify {unknown}
 r - a scroll of vulnerability {unknown}
 s - a scroll of fog {unknown}
Potions
 a - a potion of might {unknown}
 f - a potion of degeneration
 g - a potion of curing {@q1}
 i - a potion of ambrosia {unknown}
 l - 2 potions of mutation {unknown}
 o - a potion of lignification {unknown}

Dungeon Overview and Level Annotations

Branches:
Dungeon (4/15)
 Temple: D:4-7

Altars:
Xom

Annotations:
D:4 Ijyb

∆ #...#.....##........#
##)#........#....!.....
#..###.................
##.####...##............
#....†...####†....$.....
###>#####...†.....!...[)..
######...#
#.####............
.........#
###...g..†..........
.####.####
#....@#####.........
......# #...>.# ##<.......
......## #.)...# #........
.......# #.....# #........
.......# #.....# #........
.......# #.....# #....g...
...<...# #.....# ##.......
.......# #.....# #......
......## #######


You could see Ijyb.


Message History

Ijyb zaps a wand.
The puff of flame hits you!
* * * LOW HITPOINT WARNING * * *
You miss Ijyb. Your bite misses Ijyb.
Ijyb is moderately wounded.
Ijyb hits you with a +0 club.
* * * LOW HITPOINT WARNING * * *
Ijyb completely misses you.
You closely miss Ijyb. You bite Ijyb.
Ijyb is moderately wounded.
Ijyb hits you with a +0 club.
* * * LOW HITPOINT WARNING * * *
It was a potion of degeneration.
There was something very wrong with that liquid.
You feel weakened.
You feel dopey.
You feel clumsy. Ijyb hits you with a +0 club.
* * * LOW HITPOINT WARNING * * *
You feel better. Ijyb hits you with a +0 club.
* * * LOW HITPOINT WARNING * * *
You barely miss Ijyb.
Ijyb is moderately wounded.
Ijyb hits you but does no damage.
Ijyb zaps a wand.
The puff of flame hits you.
* * * LOW HITPOINT WARNING * * *
You hit Ijyb. Your punch misses Ijyb.
Ijyb is heavily wounded.
Ijyb hits you with a +0 club.
* * * LOW HITPOINT WARNING * * *
You hit Ijyb.
Ijyb is severely wounded.
Ijyb hits you but does no damage.
Ijyb zaps a wand.
The puff of flame hits you!
You die...

Skill      XL: |  1  2  3  4  5 |
---------------+----------------+-----
Spellcasting   | 5 |  5.2
Invocations    | 1 |  1.9
Short Blades   | 1 |  1.7
Long Blades    | 1 |  1.7
Axes           | 1 |  1.7
Maces & Flails | 1 |  1.7
Staves         | 1 |  1.7
Ranged Weapons | 1 |  1.7
Stealth        | 1 |  1.7
Shields        | 1 |  1.7
Unarmed Combat | 1 |  1.7
Evocations     | 1 |  1.7
Conjurations   | 1 |  1.3
Hexes          | 1 |  1.3
Summonings     | 1 |  1.3
Necromancy     | 1 |  1.3
Transmutations | 1 |  1.3
Fire Magic     | 1 |  1.3
Ice Magic      | 1 |  1.3
Air Magic      | 1 |  1.3
Earth Magic    | 1 |  1.3
Poison Magic   | 1 |  1.3
Throwing       | 3 |  3.1
Armour         | 3 |  3.1
Fighting       | |  4.9
Polearms       | |  4.9
Dodging        | |  4.9
Translocations | |  5.6

Action                   |  1- 3 |  4- 6 || total
-------------------------+-------+-------++-------
Melee: Spear             |   162 |   138 ||   300
       Bite              |    11 |    19 ||    30
       Punch             |     3 |     2 ||     5
       War axe           |       |    42 ||    42
 Cast: Blink             |     1 |       ||     1
  Use: Potion            |       |     3 ||     3
 Stab: Sleeping          |     2 |     1 ||     3
Armor: Leather armour    |    25 |     6 ||    31
       Ring mail         |       |    22 ||    22
Dodge: Dodged            |   100 |    80 ||   180

Levels and vault maps discovered:
D:1:      lemuel_arrival_broad_hall, layout_loops_cross, minmay_misc_feat_rugged
D:2:      layout_rooms, basic_altar
D:3:      layout_basic, nicolae_ecumenical_snake_handling
D:4:      kennysheep_slugbush, layout_rooms, mainiacjoe_overflow_divided_tiny,
          uniq_crazy_yiuf_cottage, uniq_ijyb

Notes
Turn   | Place    | Note
-------+----------+-------------------------------------------
     0 | D:1      | xzight the Gnoll Warper began the quest for the Orb.
     0 | D:1      | Reached XP level 1. HP: 20/20 MP: 6/6
   226 | D:1      | Reached XP level 2. HP: 26/26 MP: 7/7
   843 | D:1      | Reached skill level 5 in Spellcasting
   843 | D:1      | Reached XP level 3. HP: 31/31 MP: 7/9
   933 | D:1      | Learned a level 2 spell: Blink
  1099 | D:2      | Reached skill level 1 in Invocations
  1284 | D:2      | Reached skill level 1 in Short Blades
  1284 | D:2      | Reached skill level 1 in Long Blades
  1284 | D:2      | Reached skill level 1 in Axes
  1284 | D:2      | Reached skill level 1 in Maces & Flails
  1284 | D:2      | Reached skill level 1 in Staves
  1284 | D:2      | Reached skill level 1 in Ranged Weapons
  1284 | D:2      | Reached skill level 1 in Stealth
  1284 | D:2      | Reached skill level 1 in Shields
  1284 | D:2      | Reached skill level 1 in Unarmed Combat
  1284 | D:2      | Reached skill level 1 in Evocations
  1523 | D:2      | Got Dispater's Incunable of Crystalline Damage Dealing
  1621 | D:2      | Reached XP level 4. HP: 27/38 MP: 11/11
  1925 | D:2      | Found a shimmering altar of Xom.
  2422 | D:3      | Reached skill level 1 in Conjurations
  2422 | D:3      | Reached skill level 1 in Hexes
  2422 | D:3      | Reached skill level 1 in Summonings
  2422 | D:3      | Reached skill level 1 in Necromancy
  2422 | D:3      | Reached skill level 1 in Transmutations
  2422 | D:3      | Reached skill level 1 in Fire Magic
  2422 | D:3      | Reached skill level 1 in Ice Magic
  2422 | D:3      | Reached skill level 1 in Air Magic
  2422 | D:3      | Reached skill level 1 in Earth Magic
  2422 | D:3      | Reached skill level 1 in Poison Magic
  2641 | D:3      | Found a faded altar of an unknown god.
  3381 | D:4      | Reached XP level 5. HP: 42/43 MP: 12/12
  3412 | D:4      | Reached skill level 3 in Throwing
  3412 | D:4      | Reached skill level 3 in Armour
  3607 | D:4      | Noticed Ijyb
  3632 | D:4      | Killed from afar by Ijyb

Vanquished Creatures
  A necrophage (D:4)
  5 adders
  4 worms
  3 dart slugs
  5 endoplasms
  2 giant cockroaches
  5 goblins
  11 hobgoblins
  5 jackals
  3 quokkas
  7 ball pythons
  7 bats
  4 frilled lizards
  7 kobolds
  4 rats
73 creatures vanquished.

Table legend: (Time is in decaauts)
 A = Elapsed time spent in this place.
 B = Non-inter-level travel time spent in this place.
 C = Inter-level travel time spent in this place.
 D = Time resting spent in this place.
 E = Time spent auto-exploring this place.
 F = Levels seen in this place.
 G = Mean time per level.
                   A        B        C        D        E       F      G
               +--------+--------+--------+--------+--------+-----+--------+
         Total |   3610 |   3477 |    133 |    804 |   1947 |   4 |  902.5 |
       Dungeon |   3610 |   3477 |    133 |    804 |   1947 |   4 |  902.5 |
               +--------+--------+--------+--------+--------+-----+--------+

Top non-repeatable levels by time:
     D:2: 1184 daAuts
     D:1: 1079 daAuts
     D:3: 1031 daAuts
     D:4: 315 daAuts

Table legend:
 A = Non-vault XP
 B = Vault XP
 C = Vault XP percentage of total XP
 D = Non-vault monster count
 E = Vault monster count
 F = Vault count percentage of total count
                 A         B        C        D         E       F
            +---------+---------+-------+---------+---------+-------
      Total |     277 |      13 |   4.5 |      68 |       5 |   6.8
            +---------+---------+-------+---------+---------+-------
        D:1 |      47 |       0 |   0.0 |      22 |       0 |   0.0
        D:2 |      57 |       0 |   0.0 |      26 |       0 |   0.0
        D:3 |      42 |       5 |  10.6 |      12 |       3 |  20.0
        D:4 |     131 |       8 |   5.8 |       8 |       2 |  20.0
            +---------+---------+-------+---------+---------+-------
